 Dungeon Sprint DCSS version 0.22-a0-32-ga749362 (webtiles) character file.

15 Faca the Shield-Bearer (level 2, -1/27 HPs)
             Began as a Formicid Fighter on Jan 3, 2018.
             Was an Initiate of Okawaru.
             Slain by a porcupine (6 damage)
             ... in the Dungeon (Sprint V: "Ziggurat Sprint").
             The game lasted 00:02:54 (87 turns).

Faca the Shield-Bearer (Formicid Fighter)             Turns: 87, Time: 00:02:54

Health: -1/27      AC: 19    Str: 26    XL:     2   Next: 65%
Magic:  2/2        EV:  1    Int:  7    God:    Okawaru [......]
Gold:   0          SH: 19    Dex: 16    Spells: 1/1 levels left

rFire    + . .     SeeInvis +   n - +5 executioner's axe
rCold    + . .     Gourm    .   m - +3 large shield
rNeg     . . .     Faith    .   l - +5 gold dragon scales
rPois    +         Spirit   .   (helmet unavailable)
rElec    .         Reflect  .   (no cloak)
rCorr    .         Harm     .   (no gloves)
MR       .....                  (no boots)
Stlth    ..........             (no amulet)
HPRegen  0.09/turn              z - +6 ring of dexterity
MPRegen  0.08/turn              D - +6 ring of strength

@: no status effects
A: permanent stasis, dig shafts and tunnels, four strong arms, antennae 3
a: Dig, Renounce Religion


You were in the Dungeon.
You worshipped Okawaru.
Okawaru was noncommittal.
You were not hungry.

You visited 1 branch

Inventory:

Hand Weapons
 a - a +0 war axe
 n - a +5 executioner's axe (weapon)
 F - the +7 great mace "Firestarter" {inner flame, rF++}
   (You found it in the Dungeon)

   It has been specially enchanted to burn those struck by it, causing extra
   injury to most foes and up to half again as much damage against particularly
   susceptible opponents.
   It greatly protects you from fire.
Armour
 b - a +0 scale mail
 c - a +0 shield
 l - +5 gold dragon scales (worn)
 m - a +3 large shield (worn)
Jewellery
 z - a +6 ring of dexterity (left hand)
 A - a +6 ring of dexterity
 B - a +6 ring of intelligence
 C - a +6 ring of intelligence
 D - a +6 ring of strength (right hand)
 E - a +6 ring of strength
Wands
 w - a wand of disintegration (7)
 x - a wand of iceblast (7)
 y - a wand of acid (7)
Scrolls
 o - 4 scrolls of amnesia
 p - 7 scrolls of fog
 q - a scroll of holy word
 r - 5 scrolls of identify
 s - 5 scrolls of remove curse
 t - 2 scrolls of fear
Potions
 d - 6 potions of might
 e - 10 potions of curing
 g - 10 potions of heal wounds
 h - 2 potions of brilliance
 i - 7 potions of magic
 j - 2 potions of invisibility
 k - 4 potions of resistance
 v - 5 potions of agility
Comestibles
 f - 7 rations


   Skills:
 + Level 5.3 Fighting
 + Level 4.2 Axes
 + Level 5.4 Armour
 + Level 5.9 Shields


You had one spell level left.
You didn't know any spells.

Dungeon Overview and Level Annotations

Branches:
Dungeon (1/1)

Altars:
Ashenzari
Cheibriados
Dithmenos
Elyvilon
Fedhas
Gozag
Hepliaklqana
Kikubaaqudgha
Makhleb
Nemelex Xobeh
Okawaru
Qazlal
Ru
Sif Muna
Trog
Uskayaw
Vehumet
Wu Jian
Xom
Yredelemnul
Zin
The Shining One
Beogh
Jiyva
Lugonu

Annotations:
D 1 transporter


Innate Abilities, Weirdness & Mutations

You cannot be hasted, slowed, berserked, paralysed or teleported.
You can dig through walls and to a lower floor.
Your four strong arms can wield two-handed weapons with a shield.
You have a pair of large antennae on your head. (SInv)


Message History

Your gold dragon scales prevents you from hitting the river rat.
You are struck by the porcupine's spines.
* * * LOW HITPOINT WARNING * * *
You slash the porcupine!
The river rat bites you but does no damage.
You block the porcupine's attack.
The river rat twitches its whiskers.
You block the river rat's attack.
The porcupine bites you but does no damage.
You closely miss the porcupine.
The porcupine is almost dead.
You slash the river rat!
You kill the river rat!
Okawaru accepts your kill. You block the porcupine's attack. x2
You miss the porcupine.
The porcupine is almost dead.
The porcupine bites you but does no damage.
You block the porcupine's attack. The porcupine bites you.
You die...

▓▓▓▓▓▓▓
▓.8©8.▓
{{{
▓.....▓
▓.).|.▓
▓.....▓
▓.†r..▓
▓.@©..▓
▓▓▓▓▓▓▓
{{{ { {


You could see a porcupine.

Vanquished Creatures
  A river rat (D)
1 creature vanquished.

Notes
Turn   | Place    | Note
-------+----------+-------------------------------------------
     0 | D        | Found the +6 Majin-Bo {vamp, Archmagi MP+6 Int+6}
     0 | D        | Found the +7 great mace "Firestarter" {inner flame, rF++}
     0 | D        | Faca the Formicid Fighter began the quest for the Orb.
     0 | D        | Reached XP level 1. HP: 18/18 MP: 1/1
     3 | D        | Found a blossoming altar of Fedhas.
     5 | D        | Found a viscous altar of Jiyva.
     5 | D        | Found a hazy altar of Hepliaklqana.
     5 | D        | Found a transporter.
     5 | D        | Found an opulent altar of Gozag.
     5 | D        | Found an ancient bone altar of Kikubaaqudgha.
     5 | D        | Found a corrupted altar of Lugonu.
    15 | D        | Found a burning altar of Makhleb.
    16 | D        | Found a stormy altar of Qazlal.
    16 | D        | Found a sacrificial altar of Ru.
    16 | D        | Found an iron altar of Okawaru.
    16 | D        | Found a deep blue altar of Sif Muna.
    16 | D        | Found a sparkling altar of Nemelex Xobeh.
    16 | D        | Found a bloodstained altar of Trog.
    37 | D        | Found the +6 shillelagh "Devastator" {shatter}
    37 | D        | Found the +11 plutonium sword {*Contam Stlth-}
    37 | D        | Found the +8 lance "Wyrmbane" {slay drac, rPois rF+ rC+ AC+3}
    37 | D        | Found the +9 sword of Zonguldrok {reap}
    37 | D        | Found the cursed +13 scythe of Curses {drain, *Curse}
    37 | D        | Found the +0 sword of Power
    37 | D        | Found the +14 mace of Variability {chaos}
    37 | D        | Found the +7 Singing Sword
    37 | D        | Found the +7 longbow "Piercer" {penet, EV-2}
    39 | D        | Found the +9 heavy crossbow "Sniper" {velocity, Acc+∞ SInv}
    39 | D        | Found the +10 dark maul {crush}
    39 | D        | Found the +15 Maxwell's patent armour {-Cast -Tele rElec MR+ rCorr}
    39 | D        | Found the +18 shield of the Gong {rElec rN+ MR+ EV-5}
    39 | D        | Found the cursed +14 obsidian axe {chop, +Fly SInv *Curse}
    47 | D        | Became a worshipper of Warmaster Okawaru
    75 | D        | Reached skill level 5 in Fighting
    75 | D        | Reached skill level 5 in Armour
    75 | D        | Reached skill level 5 in Shields
    75 | D        | Reached XP level 2. HP: 27/27 MP: 2/2
    81 | D        | Entered arena 2.
    81 | D        | Noticed a porcupine
    81 | D        | Found a transporter.
    87 | D        | Slain by a porcupine

Vault maps used:
D:        sprint_v

Skill      XL: |  1 |
---------------+----+-----
Fighting       | 5 |  5.3
Axes           | 4 |  4.2
Armour         | 5 |  5.4
Shields        | 5 |  5.9

Action                   || total
-------------------------++-------
Melee: Executioner's axe ||     5
  Use: Potion            ||     1
Armor: Gold dragon scale ||     6
Block: Large shield      ||     9

Table legend:
 A = Spawn XP
 B = Non-spawn XP
 C = Spawn XP percentage of total XP
 D = Spawn monster count
 E = Non-spawn monster count
 F = Spawn count percentage of total count
 G = Total turns spent on level
                    A         B        C        D         E        F      G
               +---------+---------+-------+---------+---------+-------+---------
         Total |       0 |      13 |   0.0 |       0 |       1 |   0.0 |    87
               +---------+---------+-------+---------+---------+-------+---------
             D |       0 |      13 |   0.0 |       0 |       1 |   0.0 |    87
               +---------+---------+-------+---------+---------+-------+---------
